 Dungeon Crawl Stone Soup version 0.17.0 (webtiles) character file.

74 Eucla the Skirmisher (level 4, -1/29 HPs)
             Began as a Gargoyle Fighter on Nov 11, 2015.
             Killed from afar by a white imp (2 damage)
             ... with a puff of frost
             ... summoned by Natasha
             ... on level 3 of the Dungeon.
             The game lasted 00:02:02 (1582 turns).

Eucla the Skirmisher (Gargoyle Fighter)             Turns: 1582, Time: 00:02:02

Health: -1/29      AC: 12    Str: 19    XL:     4   Next: 30%
Magic:  4/4        EV:  7    Int:  9    God:
Gold:   21         SH: 11    Dex: 10    Spells: 0 memorised, 3 levels left

rFire  + . .     SeeInvis .     a - +0 war axe
rCold  . . .     Clarity  .     b - +0 scale mail
rNeg   + . .     SustAt   .     v - +2 shield
rPois  ∞         Gourm    .     (no helmet)
rElec  +         Spirit   .     x - +1 cloak
rCorr  +         Warding  .     (no gloves)
rMut   .         Stasis   .     (no boots)
MR     .....                    u - amulet of resist corrosion
Stlth  ..........               s - ring of poison resistance
                                i - ring of protection from fire

@: slowed, very slow, not resistant to hostile enchantments, extremely
unstealthy
A: negative energy resistance 1, electricity resistance, unbreathing,
petrification resistance, rot immunity, AC +3
a: no special abilities


You were on level 3 of the Dungeon.
You were not hungry.

You visited 1 branch of the dungeon, and saw 3 of its levels.

You collected 21 gold pieces.

Inventory:

Hand Weapons
 a - a +0 war axe (weapon)
Missiles
 n - 7 javelins (quivered)
Armour
 b - a +0 scale mail (worn)
 c - a +0 shield
 k - a +2 buckler
 v - a +2 shield (worn)
 x - a +1 cloak (worn)
Jewellery
 i - a ring of protection from fire (left hand)
 s - a ring of poison resistance (right hand)
 u - an amulet of resist corrosion (around neck)
Scrolls
 f - 2 scrolls of random uselessness {unknown}
 m - 3 scrolls of identify {unknown}
 r - a scroll of teleportation {unknown}
 t - a scroll of enchant armour {unknown}
Potions
 d - 2 potions of might
 g - a potion of curing {unknown}
 h - a potion of heal wounds {unknown}
 l - a potion of ambrosia {unknown}
 p - a potion of brilliance {unknown}
 q - a potion of poison
Comestibles
 e - a bread ration
 j - a fruit
 o - a slice of pizza


   Skills:
 + Level 4.0 Fighting
 + Level 2.9 Axes
 + Level 3.8 Armour
 + Level 3.6 Shields


You had 3 spell levels left.
You didn't know any spells.

Dungeon Overview and Level Annotations

Branches:
Dungeon (3/15)

Altars:

Annotations:
D:3 Natasha


Innate Abilities, Weirdness & Mutations

You are resistant to torment.
Your stone body is resilient (AC +3).
You are immune to poison.
You resist negative energy.
You are resistant to electric shocks.
You can survive without breathing.
You are immune to petrification.
You are immune to rotting.


Message History

You feel disoriented. Natasha casts a spell at you. The magic dart hits you!
You block the white imp's attack. You block the white imp's attack.
Natasha claws you but does no damage. The white imp gestures at you.
The puff of frost hits you! The white imp barely misses you.
The white imp hits you but does no damage.
Natasha barely misses you. You block the white imp's attack.
The white imp hits you. The white imp freezes you.
* * * LOW HITPOINT WARNING * * *
Unknown command.
Unknown command.
Drink which item? (? for menu, Esc to quit)
It was a potion of poison.
You feel slightly nauseous.
Natasha growls.
Natasha claws you.
* * * LOW HITPOINT WARNING * * *
The white imp gestures at you. The puff of frost hits you!
You die...

#........[....##.#
#.........†....#.#
#######+######(#.#
#......# #.#.##
#......###.(..+
+......#......#
#......#.....(#
#....5.#......#
#....5@#......#
#....5h#......#
###.............
#.####......#.# #.
#........# #.
#######.. #. .>


You could see Natasha and 3 white imps.

Vanquished Creatures
  Natasha (D:3)
  A worm (D:2)
  2 giant geckos
  4 bats
  3 giant cockroaches
  5 hobgoblins
  A ball python (D:1)
  3 giant newts
  13 goblins
  7 kobolds
  4 rats
44 creatures vanquished.

Notes
Turn   | Place    | Note
--------------------------------------------------------------
     0 | D:1      | Eucla the Gargoyle Fighter began the quest for the Orb.
     0 | D:1      | Reached XP level 1. HP: 14/14 MP: 1/1
   147 | D:1      | Reached XP level 2. HP: 12/19 MP: 2/2
   433 | D:1      | Reached XP level 3. HP: 22/24 MP: 3/3
  1251 | D:3      | Noticed Natasha
  1260 | D:3      | Killed Natasha
  1260 | D:3      | Reached skill level 4 in Fighting
  1260 | D:3      | Reached XP level 4. HP: 2/29 MP: 4/4
  1573 | D:3      | Noticed Natasha
  1582 | D:3      | HP: 1/29 [Natasha (6)]
  1582 | D:3      | Killed from afar by a white imp

Action                   |  1- 3 |  4- 6 || total
-------------------------+-------+-------++-------
Melee: War axe           |   110 |     4 ||   114
  Use: Potion            |       |     1 ||     1
  Eat: Chunk             |     1 |     1 ||     2
